details: 'massive elf tryhard gets invis mortared repeatedly until he ragequits'

« prev index next »

General information

Mini Map

Players

team 1
HumanR.O.B. (blue | 75 APM | 2270 actions | 30:06)
Hero icon 5 Archmage
Ability icon 2 Blizzard
Ability icon 3 Brilliance Aura
Hero icon 3 Blood Mage
Ability icon 2 Flame Strike
Ability icon 1 Siphon Mana

» actions
Assign group hotkey51
Basic commands81
Build / train113
ESC pressed6
Enter build submenu40
Enter hero's abilities submenu8
Give item / drop item2
Right click980
Select / deselect554
Select group hotkey171
Use ability264
2270 total
» units
Peasant24
Sorceress4
Goblin Shredder1
Mortar Team5
Flying Machine3
37 total
» upgrades
Masonry3
Sorceress Training2
Fragmentation Shards1
Flare2
Gunpowder3
Magic Sentry1
Flak Cannons1
Flying Machine Bombs1
Plating1
Cloud1
16 total
» buildings
Altar of Kings1
Farm9
Arcane Vault1
Scout Tower20
Lumber Mill1
Arcane Tower1
Guard Tower8
Keep1
Arcane Sanctum1
Town Hall1
Castle1
Blacksmith1
Gryphon Aviary5
Workshop5
56 total
» build order
00:06 Altar of Kings
00:26 Farm
00:27 Farm
00:39 Arcane Vault
00:41 Farm
00:43 Farm
01:20 Scout Tower
01:39 Lumber Mill
02:22 Farm
02:33 Arcane Tower
02:46 Scout Tower
02:47 Scout Tower
03:14 Guard Tower
03:23 Guard Tower
03:31 Scout Tower
04:00 Guard Tower
05:30 Keep
06:00 Scout Tower
06:03 Scout Tower
06:04 Scout Tower
06:12 Guard Tower
06:14 Scout Tower
07:23 Scout Tower
07:24 Scout Tower
08:07 Guard Tower
08:20 Arcane Sanctum
09:29 Town Hall
09:36 Scout Tower
09:37 Scout Tower
09:38 Scout Tower
09:38 Scout Tower
09:39 Scout Tower
09:39 Scout Tower
09:40 Scout Tower
09:41 Scout Tower
10:18 Guard Tower
10:41 Guard Tower
11:56 Castle
12:38 Blacksmith
13:33 Gryphon Aviary
13:37 Farm
13:37 Farm
13:40 Farm
13:40 Farm
14:10 Workshop
14:11 Workshop
14:37 Workshop
15:01 Workshop
15:02 Workshop
16:30 Gryphon Aviary
16:30 Gryphon Aviary
16:39 Scout Tower
16:39 Scout Tower
17:51 Guard Tower
20:39 Gryphon Aviary
20:44 Gryphon Aviary
» items
Scroll of Regeneration9
Lesser Clarity Potion9
Mechanical Critter2
Potion of Healing10
Scroll of Town Portal6
Staff of Sanctuary2
Potion of Mana1
39 total
team 2
NightElfCaptorhinus (green | 67 APM | 2017 actions | 30:05)
Hero icon 5 Priestess of the Moon
Ability icon 2 Searing Arrows
Ability icon 3 Trueshot Aura
Hero icon 3 Dark Ranger
Ability icon 1 Silence
Ability icon 2 Life Drain
Hero icon 2 Demon Hunter
Ability icon 1 Immolation
Ability icon 1 Evasion

» actions
Assign group hotkey27
Basic commands5
Build / train94
Enter build submenu25
Enter hero's abilities submenu10
Remove unit from queue4
Right click687
Select / deselect459
Select group hotkey635
Use ability71
2017 total
» units
Wisp38
Archer25
Glaive Thrower1
Huntress1
Dryad1
66 total
» upgrades
Improved Bows1
Strength of the Moon1
Marksmanship1
Nature's Blessing1
Druid of the Claw Training1
Moon Armor1
6 total
» buildings
Moon Well7
Altar of Elders1
Ancient of War2
Tree of Ages1
Tree of Life11
Tree of Eternity1
Hunter's Hall1
Ancient of Lore2
26 total
» build order
00:10 Moon Well
00:18 Altar of Elders
00:46 Ancient of War
01:43 Moon Well
02:04 Moon Well
03:44 Ancient of War
04:47 Moon Well
07:16 Tree of Ages
08:29 Tree of Life
12:42 Tree of Life
13:18 Moon Well
13:49 Tree of Eternity
14:16 Hunter's Hall
16:35 Moon Well
17:22 Ancient of Lore
17:24 Ancient of Lore
17:57 Moon Well
18:48 Tree of Life
19:29 Tree of Life
22:09 Tree of Life
22:20 Tree of Life
22:28 Tree of Ages
24:13 Tree of Life
24:31 Tree of Life
24:42 Tree of Life
27:38 Tree of Life
29:07 Tree of Life
» items
Scroll of Town Portal3
Scroll of Protection1
4 total